 Dungeon Crawl Stone Soup version 0.22-b1-26-g9dbaab1 (webtiles) character file.

343 Goblin1989 the Changer (level 6, -3/40 HPs)
             Began as an Octopode Transmuter on Aug 6, 2018.
             Splashed by a jelly's acid (10 damage)
             ... on level 5 of the Dungeon on Aug 7, 2018.
             The game lasted 00:14:08 (5242 turns).

Goblin1989 the Changer (Octopode Transmuter)        Turns: 5242, Time: 00:14:10

Health: -3/40      AC: -6    Str: 10    XL:     6   Next: 57%
Magic:  5/9        EV: 21    Int: 19    God:
Gold:   142        SH:  0    Dex: 17    Spells: 3/9 levels left

rFire    . . .     SeeInvis .     - Unarmed
rCold    . . .     Gourm    .   (shield currently unavailable)
rNeg     . . .     Faith    .   (helmet currently unavailable)
rPois    x         Spirit   .   (no amulet)
rElec    .         Reflect  .   m - ring of protection from magic
rCorr    .         Harm     .   y - +2 ring of intelligence
MR       +....                  (no ring)
Stlth    ++........             (no ring)
HPRegen  0.13/turn              (no ring)
MPRegen  0.11/turn              (no ring)
                                (no ring)
                                (no ring)

@: spider-form (expiring), corroded, very slightly contaminated
A: tiny, almost no armour, stealthy swim, (amphibious), 8 rings, (constrict 8)
a: End Transformation


You were on level 5 of the Dungeon.
You were not hungry.
You were a venomous arachnid creature.
You visited 1 branch of the dungeon, and saw 5 of its levels.

You collected 142 gold pieces.

Inventory:

Hand Weapons
 b - a +1 dagger of venom
 x - a +0 hunting sling
Missiles
 a - 92 arrows
 f - 48 bolts
 v - 100 stones (quivered) {@Q3}
Jewellery
 m - a ring of protection from magic (left front leg)
 y - a +2 ring of intelligence (right front leg)
Wands
 w - a wand of disintegration (17)
Scrolls
 h - 2 scrolls of remove curse {unknown}
 i - a scroll of identify {unknown}
 l - 2 scrolls of random uselessness {unknown}
 n - a scroll of fog {unknown}
 o - 3 scrolls of amnesia
 u - 2 scrolls of teleportation {unknown}
 z - a scroll of blinking {unknown}
Potions
 j - 2 potions of curing {@q1}
 q - a potion of might {unknown}
 r - 2 potions of haste {unknown}
 A - a potion of cancellation {unknown}
Comestibles
 e - 4 rations
 B - a chunk of flesh


   Skills:
 + Level 2.3 Fighting
 + Level 2.9 Dodging
 * Level 4.4 Unarmed Combat
 - Level 2.0 Spellcasting
 + Level 4.9 Transmutations


You had 3 spell levels left.
You knew the following spells:

 Your Spells              Type           Power        Failure   Level  Hunger
a - Beastly Appendage     Tmut           ###...       9%          1    #......
b - Sticks to Snakes      Tmut           ###.....     12%         2    ###....
Y - Spider Form           Tmut/Pois      ##........   38%         3    ###....

Your spell library contained the following spells:

 Spells                   Type           Power        Failure   Level  Hunger
 Blade Hands              Tmut           ###.......   75%         5    ######.
 Ice Form                 Ice/Tmut       ##......     73%         4    #####..


Dungeon Overview and Level Annotations

Branches:
Dungeon (5/15)             Temple (0/1) D:4

Altars:

Annotations:
D:4 Robin


Innate Abilities, Weirdness & Mutations

You cannot wear most types of armour.
You are very stealthy in the water. (Stealth+)
((You are amphibious.))
You can wear up to eight rings at the same time.
((You can use your tentacles to constrict eight enemies at once.))
((Your skin changes colour to match your surroundings (Stealth+).))
((Your rubbery body absorbs attacks. (AC +1, EV +1)))


Message History

HP restored.
Health restored: 39 Unknown command.
Casting: Spider Form (safe; 22% risk of failure)
Confirm with . or Enter, or press ? or * to list all spells.
You miscast Spider Form.
You are very lightly contaminated with residual magic.
Multicoloured lights dance before your eyes!
You now have 6/9 mp.
Unknown command.
Unknown command.
You climb upwards.
Level annotation: Menkaure, Robin Menkaure shouts!
The howler monkey skeleton hits you.
The goblin shoots a stone.
The stone hits you.
There is a stone staircase leading down here.
You see here a stone.
You take 5 damage, and have 34/39 hp.
The howler monkey skeleton barely misses you.
The goblin shoots a stone.
The stone misses you.
You climb downwards.
There is a stone staircase leading up here.
Unknown command.
Put on which piece of jewellery? (? for menu, Esc to quit)
v - a ring of protection from magic (left tentacle)
m - a ring of protection from magic (left tentacle)
v - 100 stones (quivered)
{@Q3} Put on which piece of jewellery? (? for menu, Esc to quit)
You feel clever.
y - a +2 ring of intelligence (right tentacle) Unknown command.
Casting: Spider Form (safe; 19% risk of failure)
Confirm with . or Enter, or press ? or * to list all spells.
You turn into a venomous arachnid creature.
You now have 3/9 mp.
Unknown command.
You climb upwards.
Level annotation: Menkaure, Robin The howler monkey skeleton closely misses you.
The howler monkey skeleton completely misses you.
There is a stone staircase leading down here.
You see here a stone.
Unknown command.
You hit the howler monkey skeleton.
The howler monkey skeleton is lightly damaged.
The goblin shoots a stone.
The stone completely misses you.
The howler monkey skeleton completely misses you.
The goblin shoots a stone.
The stone misses you.
The stone hits Menkaure.
The howler monkey skeleton hits you. Menkaure closely misses you.
You climb downwards.
There is a stone staircase leading up here.
You take 6 damage, and have 29/39 hp.
Unknown command.
You bite Menkaure!
Menkaure is moderately damaged.
A jelly comes into view.
The jelly quivers.
You hit Menkaure.
Menkaure is severely damaged.
Menkaure points at you and mumbles some strange words.
You resist with some effort.
You hit Menkaure.
Menkaure is almost destroyed.
Menkaure misses you.
You hit Menkaure but do no damage.
Menkaure is almost destroyed.
Menkaure gestures at you while chanting.
You resist with some effort.
You hit Menkaure.
You destroy Menkaure!
You see here a hobgoblin skeleton.
The jelly misses you.
You hit the jelly.
Your front legs burn!
The jelly is moderately wounded.
Your transformation is almost over.
You take 1 damage, and have 30/40 hp.
You hit the jelly.
Your front legs burn!
The jelly is heavily wounded.
The jelly hits you.
You are splashed with acid!
The acid burns!
* * * LOW HITPOINT WARNING * * *
You take 13 damage, and have 17/40 hp.
MASSIVE DAMAGE!!
You hit the jelly. The acid corrodes you!
Your front legs burn!
* * * LOW HITPOINT WARNING * * *
The jelly is severely wounded.
The jelly closely misses you.
You take 2 damage, and have 15/40 hp.
You hit the jelly but do no damage.
The jelly is poisoned.
The acid corrodes you!
Your front legs burn!
* * * LOW HITPOINT WARNING * * *
The jelly is severely wounded.
The jelly closely misses you.
You take 4 damage, and have 11/40 hp.
You hit the jelly but do no damage.
Your front legs burn!
* * * LOW HITPOINT WARNING * * *
The jelly is severely wounded.
The jelly hits you.
* * * LOW HITPOINT WARNING * * *
You are splashed with acid!
The acid burns!
You die... ...... .... ... ███████

█.█ █.....█
█.██████
█.....████......█
█..........█.██.█
█<÷...████..███.█
█.s(..█ .$.██ █.█
.....$..J$███....█
█.█ ........███
█...██ █.█
......... .... █.█
........█ ███..
█.███ ......!.█
█.... ........█


█████ █...█...█ You could see a jelly.

Vanquished Creatures
  Menkaure (D:5)
  An iguana (D:5)
  A worker ant (D:2)
  7 adders
  3 oozes
  A worm (D:2)
  A dart slug (D:1)
  3 leopard geckos
  5 orcs
  7 bats
  5 giant cockroaches
  22 goblins
  11 hobgoblins
  3 jackals (D:2)
  2 quokkas (D:2)
  2 ball pythons
  2 frilled lizards
  5 kobolds
  A leopard gecko skeleton (D:5)
  6 rats
89 creatures vanquished.

Notes
Turn   | Place    | Note
-------+----------+-------------------------------------------
     0 | D:1      | Goblin1989 the Octopode Transmuter began the quest for the Orb.
     0 | D:1      | Reached XP level 1. HP: 13/13 MP: 3/3
   144 | D:1      | Reached XP level 2. HP: 17/18 MP: 5/5
   414 | D:1      | Learned a level 2 spell: Sticks to Snakes
   548 | D:1      | Reached XP level 3. HP: 12/23 MP: 4/6
  1303 | D:2      | Learned a level 3 spell: Spider Form
  1672 | D:2      | Reached XP level 4. HP: 27/28 MP: 3/7
  2556 | D:2      | Reached XP level 5. HP: 25/33 MP: 4/8
  4870 | D:4      | Found a staircase to the Ecumenical Temple.
  4876 | D:4      | Noticed Robin
  4964 | D:4      | Noticed Menkaure
  4967 | D:5      | Entered Level 5 of the Dungeon
  4971 | D:5      | HP: 1/34 [hobgoblin[Robin] (3)]
  5017 | D:5      | Reached XP level 6. HP: 13/39 MP: 7/9
  5235 | D:5      | Killed Menkaure
  5242 | D:5      | Splashed by a jelly's acid

Skill      XL: |  1  2  3  4  5 |
---------------+----------------+-----
Transmutations | 3 4 |  4.9
Fighting       | 2 |  2.3
Unarmed Combat | 4 |  4.4
Dodging        | |  2.9
Spellcasting   | |  2.0

Action                   |  1- 3 |  4- 6 || total
-------------------------+-------+-------++-------
Melee: Unarmed           |    58 |   146 ||   204
       Constrict         |    19 |     3 ||    22
       Tentacles         |    12 |     1 ||    13
       Dagger            |     7 |       ||     7
       Kick              |     5 |       ||     5
       Punch             |     2 |       ||     2
 Cast: Beastly Appendage |    11 |       ||    11
       Spider Form       |     4 |    36 ||    40
  Use: Potion            |       |     3 ||     3
       Scroll            |       |     1 ||     1
 Stab: Sleeping          |     7 |     3 ||    10
  Eat: Chunk             |     3 |    17 ||    20
Armor: Skin              |     8 |    13 ||    21
Dodge: Dodged            |    40 |   145 ||   185

Vault maps used:
D:1:      minmay_arrival_up_and_down
D:4:      lemuel_round_altar, minmay_temple_entry_glass, uniq_menkaure,
          uniq_robin
D:5:      serial_shops, shop, first_ration, kennysheep_okawaru_gauntlet,
          uniq_duvessa, uniq_eustachio
